 Dungeon Crawl Stone Soup version 0.24.1-11-gbbbb2193e6 (webtiles) character file.

Game seed: 15389444800245261518, levelgen mode: deterministic

124 Peloso the Skirmisher (level 5, -4/46 HPs)
             Began as a Ghoul Fighter on May 14, 2020.
             Killed themself with a badly aimed iceblast (13 damage)
             ... on level 3 of the Dungeon.
             The game lasted 00:04:46 (1855 turns).

Peloso the Skirmisher (Ghoul Fighter)               Turns: 1855, Time: 00:04:47

Health: -4/46      AC: 12    Str: 20    XL:     5   Next: 8%
Magic:  4/4        EV:  4    Int:  3    God:
Gold:   53         SH:  9    Dex:  9    Spells: 4/4 levels left

rFire    . . .     SeeInvis .   a - +0 long sword
rCold    + . .     Gourm    .   c - +0 shield
rNeg     + + +     Faith    .   t - +0 plate armour (curse)
rPois    ∞         Spirit   .   (no helmet)
rElec    .         Reflect  .   (no cloak)
rCorr    .         Harm     .   i - +0 pair of gloves
MR       .....                  (no boots)
Stlth    ..........             (no amulet)
HPRegen  0.15/turn              l - ring of wizardry
MPRegen  0.09/turn              (no ring)

@: rotting
A: rotting body, claws 1, carnivore, cold resistance 1, negative energy
resistance 3, inhibited regeneration, torment resistance, unbreathing
a: no special abilities


You were on level 3 of the Dungeon.
You were not hungry.

You visited 1 branch of the dungeon, and saw 3 of its levels.

You collected 53 gold pieces.

Inventory:

Hand Weapons
 a - a +0 long sword (weapon)
Armour
 b - a +0 scale mail
 c - a +0 shield (worn)
 i - a +0 pair of gloves (worn)
 p - a +0 chain mail
 t - a cursed +0 plate armour (worn)
Jewellery
 h - an uncursed ring of protection from magic
 l - a ring of wizardry (left hand)
Wands
 s - a wand of iceblast (7)
Scrolls
 e - a scroll of fog
 j - a scroll of blinking
 m - a scroll of teleportation
 n - a scroll of amnesia
 q - 5 scrolls of identify
 r - a scroll of remove curse {unknown}
Potions
 d - a potion of might
Comestibles
 f - 5 rations


   Skills:
 + Level 3.6 Fighting
 + Level 2.9 Long Blades
 + Level 3.3 Armour
 + Level 1.1 Dodging
 + Level 3.4 Shields


You had 4 spell levels left.
You didn't know any spells.
Your spell library was empty.

Dungeon Overview and Level Annotations

Branches:
Dungeon (3/15)

Altars:
Xom


Innate Abilities, Weirdness & Mutations

Your body is rotting away.
You thrive on raw meat.
You are immune to poison.
You have sharp fingernails.
You are carnivorous and can eat meat at any time.
Your flesh is cold resistant. (rC+)
You are immune to negative energy. (rN+++)
You do not regenerate when monsters are visible.
You are immune to unholy pain and torment.
You can survive without breathing.


Message History

You bump into the rock wall.
You hear some strange, mumbled words.
A puff of flame appears from out of thin air!
The puff of flame hits you!
* * * LOW HITPOINT WARNING * * *
You bump into the rock wall.
You hear some strange, mumbled words.
You are more confused.
You feel better. Something hits you but does no damage.
Evoke which item? (* to show all) (? for menu, Esc to quit)
Aiming: Iceblast
Press: ? - help, Shift-Dir - straight line That beam is likely to hit you.
Continue anyway?
The mass of ice explodes!
The iceblast engulfs something!
Reactivating autopickup.
You have reached level 5!
You feel stronger.
You feel a bit more experienced. The iceblast engulfs you!
You partially resist.
You die...

#.....## #.##
#......# #..###
###......# ##.#.##
##...####.# #.#...
##.....###.## #.o.#.
#.......##..# #..###
#.......###.#
#....##. #.......#
#.# #.#.#...
##.....## #@#
#..#...# ##......#
#)# #. #..##
#.......# #.# # #..
#.......# #.# #. #
#.......###.### #
##............# .
##...........####....
##..................
#.......).)#..#....


There were no monsters in sight!

Vanquished Creatures
  2 orc wizards (D:3)
  2 adders
  An ooze (D:2)
  A worm (D:2)
  A dart slug (D:3)
  6 leopard geckos (D:2)
  2 orcs (D:3)
  5 bats
  A giant cockroach (D:2)
  3 goblins
  3 hobgoblins
  A kobold (D:2)
  A quokka (D:3)
  A ball python (D:2)
  3 frilled lizards
  6 rats
39 creatures vanquished.

Notes
Turn   | Place    | Note
-------+----------+-------------------------------------------
     0 | D:1      | Peloso the Ghoul Fighter began the quest for the Orb.
     0 | D:1      | Reached XP level 1. HP: 19/19 MP: 0/0
   728 | D:2      | Found a shimmering altar of Xom.
   734 | D:2      | Reached XP level 2. HP: 25/25 MP: 1/1
   824 | D:2      | Reached XP level 3. HP: 12/29 MP: 2/2
  1479 | D:3      | Reached XP level 4. HP: 34/36 MP: 3/3
  1707 | D:3      | Reached skill level 1 in Dodging
  1852 | D:3      | HP: 1/39 [something/puff of flame (8)]
  1855 | D:3      | Reached XP level 5. HP: 9/46 MP: 4/4
  1855 | D:3      | Killed themself with a badly aimed iceblast

Levels and vault maps discovered:
D:1:      nzn_arrival_depleted_hourglass, layout_loops_corners
D:2:      cheibrodos_old_hovel, layout_rooms, serial_glass, glass_columns_b,
          glass_columns_b, xom_teletrap_fun
D:3:      layout_rooms, kennysheep_generic_room_8

Skill      XL: |  1  2  3  4 |
---------------+-------------+-----
Armour         | 3 |  3.3
Long Blades    | 2 |  2.9
Shields        | 3 |  3.4
Dodging        | 1 |  1.1
Fighting       | |  3.6

Action                   |  1- 3 |  4- 6 || total
-------------------------+-------+-------++-------
Melee: Long sword        |   136 |    92 ||   228
  Use: Scroll            |     7 |       ||     7
       Potion            |       |     2 ||     2
  Eat: Chunk             |     4 |     4 ||     8
Armor: Scale mail        |    57 |       ||    57
       Chain mail        |    18 |    20 ||    38
       Plate armour      |       |    69 ||    69
Dodge: Dodged            |    39 |    10 ||    49
Block: Shield            |    84 |    30 ||   114
       Rpst.: Long sword |    12 |     4 ||    16
